AoeStats
← d4rk

Arena

504872847Analyzed
4v4 RM · 26d ago on Sep 6, 2026· 41m 15s· 8 players
Game mode
Random Map
Map size
Large (8 player)
Population
200
Speed
Normal
Resources
Standard
Victory
Conquest
Starting age
Dark Age
Ending age
Imperial Age
RankedLock teamsTeams togetherTeam positionsShared explorationLock speedFull tech treeHidden civsTurbo modeCheats
Victory
Defeat
🇵🇱 Turks · Poland
1054
+10
🇵🇪 Celts · Peru
991
+13
🇲🇽 Khmer · Mexico
882
+17
🇺🇸 Huns · United States
868
+18
🇪🇸 Poles · Spain
950
-16
🇨🇴 Cumans · Colombia
922
-15
🇺🇸 Japanese · United States
899
-14
🇸🇪 Inca · Sweden
883
-13
Anchor of Light
9:08 Feudal Age
12:19 Double-Bit Axe
16:41 Castle Age
14:57 Stone Mining
17:36 Loom
24:18 Treadmill Crane
24:04 Pikeman
25:41 Ballistics
25:16 Fletching
27:03 Scale Mail Armor
28:18 Chain Mail Armor
28:59 Squires
28:45 Arson
30:54 Forging
30:40 Bodkin Arrow
30:47 Padded Archer Armor
30:19 Elite Skirmisher
31:05 Thumb Ring
32:33 Horse Collar
36:35 Wheelbarrow
36:44 Heavy Plow
38:09 Light Cavalry
38:50 Husbandry
39:11 Bloodlines
|GaoeG| Ratarax
11:57 Feudal Age
15:55 Castle Age
14:17 Loom
14:25 Double-Bit Axe
14:36 Horse Collar
21:15 Fletching
25:51 Bodkin Arrow
30:38 Wheelbarrow
30:19 Bow Saw
30:11 Heavy Plow
31:10 Gold Mining
32:29 Forging
36:12 Imperial Age
34:27 Bloodlines
34:18 Husbandry
34:37 Szlachta Privileges
34:51 Scale Barding Armor
35:23 Iron Casting
35:24 Hand Cart
36:16 Cavalier
37:24 Chain Barding Armor
38:14 Blast Furnace
Wardaddy
0:26 Loom
10:53 Feudal Age
13:09 Champi Runner
17:19 Castle Age
15:44 Double-Bit Axe
18:38 Bow Saw
22:22 Horse Collar
22:31 Champi Warrior
25:36 Wheelbarrow
27:21 Squires
28:33 Scale Mail Armor
28:44 Forging
30:03 Chain Mail Armor
34:15 Pikeman
d4rk
6:08 Loom
9:01 Feudal Age
10:01 Double-Bit Axe
11:15 Horse Collar
14:50 Wheelbarrow
16:44 Town Watch
23:14 Castle Age
23:03 Bloodlines
24:43 Scale Barding Armor
24:44 Light Cavalry
25:37 Forging
25:48 Chain Barding Armor
27:34 Iron Casting
NandoF26
0:28 Loom
11:45 Feudal Age
16:54 Castle Age
15:16 Horse Collar
16:10 Double-Bit Axe
18:49 Bow Saw
19:32 Town Watch
22:35 Husbandry
22:46 Bloodlines
24:13 Scale Barding Armor
26:59 Light Cavalry
30:25 Town Patrol
31:44 Heavy Plow
31:36 Gold Mining
31:36 Stone Mining
35:04 Imperial Age
34:36 Wheelbarrow
35:48 Forging
35:59 Chain Barding Armor
35:31 Fletching
36:17 Murder Holes
36:42 Ballistics
38:06 Hand Cart
38:29 Gold Shaft Mining
38:00 Marauders
38:20 Conscription
37:21 Elite Tarkan
42:20 Plate Barding Armor
42:20 Iron Casting
Ale89
0:52 Loom
11:24 Feudal Age
16:27 Castle Age
14:34 Horse Collar
14:56 Double-Bit Axe
17:27 Wheelbarrow
16:39 Town Watch
17:35 Bow Saw
21:56 Husbandry
24:02 Forging
24:23 Scale Barding Armor
25:04 Bloodlines
24:48 Fletching
26:25 Hand Cart
30:20 Heavy Plow
30:26 Gold Mining
30:27 Stone Mining
33:32 Bodkin Arrow
34:45 Iron Casting
37:18 Chain Barding Armor
38:16 Gold Shaft Mining
39:21 Town Patrol
40:04 Stone Shaft Mining
Launger
10:58 Feudal Age
15:43 Castle Age
20:57 Imperial Age
18:46 Double-Bit Axe
19:57 Fletching
20:11 Fletching
20:24 Padded Archer Armor
26:07 Gold Mining
35:21 Gold Shaft Mining
38:57 Wheelbarrow
1Timoteo2:11
11:30 Feudal Age
15:41 Castle Age
14:04 Double-Bit Axe
14:44 Horse Collar
15:14 Gold Mining
21:20 Bow Saw
22:08 Loom
23:49 Wheelbarrow
23:38 Heavy Plow
26:40 Gold Shaft Mining
27:08 Forging
26:58 Scale Mail Armor
29:01 Stone Mining
29:04 Pikeman
34:16 Imperial Age
32:18 Fortified Wall
33:00 Stone Shaft Mining
33:07 Iron Casting
32:47 Chain Mail Armor
34:12 Man-at-Arms
35:57 Blast Furnace
35:05 Siege Engineers
34:25 Heavy Scorpion
35:02 Long Swordsman
36:37 Guilds
36:33 Siege Engineers
37:29 Chemistry
36:32 Capped Ram
37:40 Hand Cart
37:19 Two-Handed Swordsman
37:46 Arson
38:28 Conscription
39:36 Furor Celtica
41:46 Plate Mail Armor
40:40 Siege Ram
Connection lost

Rejoining the realm…

Still unreachable

The connection could not be restored.

Session expired

The server has moved on; the page needs a fresh start.